 Dungeon Crawl Stone Soup version 0.31-a0-210-gccc998df9b (webtiles) character file.

Game seed: 13831787316701232746

49 spardeous the Ducker (level 3, -5/14 HPs)
             Began as a Felid Earth Elementalist on July 1, 2023.
             Slain by Sigmund
             ... wielding a +2 scythe of protection
              (9 damage)
             ... on level 2 of the Dungeon.
             The game lasted 00:05:36 (1693 turns).

spardeous the Ducker (Felid Earth Elementalist)     Turns: 1693, Time: 00:05:36

Health: -5/14      AC:  1    Str:  4    XL:     3   Next: 51%
Magic:  0/7        EV: 19    Int: 18    God:
Gold:   108        SH:  0    Dex: 16    Spells: 2/6 levels left
                                        Lives:  0   Deaths: 1

rFire   . . .        (weapon unavailable)
rCold   . . .        (shield unavailable)
rNeg    . . .        (body armour unavailable)
rPois   .            (helmet unavailable)
rElec   .            (cloak unavailable)
rCorr   .            (gloves unavailable)
SInv    +            (boots unavailable)
Will    .....        (no amulet)
Stlth   ++           (no ring)
HPRegen 0.22/turn    (no ring)
MPRegen 0.10/turn

%: no passive effects
@: quick
A: very small, claws 1, fangs 3, see invisible, speed 1, shaggy fur 1, stealthy
paws, no weapons or thrown items, no armour, multi-lived
a: no special abilities


You were on level 2 of the Dungeon.
You visited 1 branch of the dungeon, and saw 2 of its levels.

You collected 108 gold pieces.

Inventory:

Scrolls
 c - a scroll of silence {unknown}
 e - 2 scrolls of fog
 f - a scroll of enchant armour {unknown}
Potions
 a - a potion of magic
 b - a potion of lignification
 d - a potion of might {unknown}
 g - a potion of resistance {unknown}


   Skills:
 + Level 4.8 Dodging
 - Level 2.6 Stealth
 - Level 2.0 Spellcasting
 - Level 1.1 Transmutations
 + Level 3.8 Earth Magic


You had 2 spell levels left.
You knew the following spells:

 Your Spells              Type           Power      Damage    Failure   Level
a - Sandblast             Erth           30%        2d9       3%          1
b - Stone Arrow           Conj/Erth      16%        3d8       24%         3

Your spell library contained the following spells:

 Spells                   Type           Power      Damage    Failure   Level
 Passwall                 Tmut/Erth      8%         N/A       10%         2
 Petrify                  Tmut/Erth      10%        N/A       54%         4


Dungeon Overview and Level Annotations

Branches:
Dungeon (2/15)

Altars:

Shops:
D:2 !*

Annotations:
D:2 Natasha, Sigmund, Terence


Innate Abilities, Weirdness & Mutations

You have sharp claws.
You have razor-sharp teeth.
You have supernaturally acute eyesight. (SInv)
You cover ground quickly. (Speed+)
You are covered in fur. (AC +1)
Your paws help you pounce on unaware monsters.
You are incapable of wielding weapons or throwing items.
You cannot wear armour.
You gain extra lives every three experience levels.


Message History

Confirm with . or Enter, or press ? or * to list all spells.
Aiming: Sandblast (safe; 3% risk of failure)
Press: ? - help, Shift-Dir - straight line, f - Sigmund
Aim: Sigmund, wielding a +2 scythe of protection and wearing a +0 robe (80% to hit)
The blast of sand hits Sigmund but does no damage.
Casting: Sandblast (safe; 3% risk of failure)
Confirm with . or Enter, or press ? or * to list all spells.
Aiming: Sandblast (safe; 3% risk of failure)
Press: ? - help, Shift-Dir - straight line, f/p - Sigmund
Aim: Sigmund, wielding a +2 scythe of protection and wearing a +0 robe (80% to hit)
The blast of sand hits Sigmund but does no damage.
Sigmund closely misses you.
Casting: Sandblast (safe; 3% risk of failure)
Confirm with . or Enter, or press ? or * to list all spells.
Aiming: Sandblast (safe; 3% risk of failure)
Press: ? - help, Shift-Dir - straight line, f/p - Sigmund
Aim: Sigmund, wielding a +2 scythe of protection and wearing a +0 robe (80% to hit)
The blast of sand hits Sigmund but does no damage.
Sigmund hits you from afar with a +2 scythe of protection!
Ouch! That really hurt!
* * * LOW HITPOINT WARNING * * *
Casting: Sandblast (safe; 3% risk of failure)
Confirm with . or Enter, or press ? or * to list all spells.
Aiming: Sandblast (safe; 3% risk of failure)
Press: ? - help, Shift-Dir - straight line, f/p - Sigmund
Aim: Sigmund, wielding a +2 scythe of protection and wearing a +0 robe (80% to hit)
The blast of sand hits Sigmund.
Sigmund is lightly wounded.
Sigmund misses you.
Casting: Sandblast (safe; 3% risk of failure)
Confirm with . or Enter, or press ? or * to list all spells.
The spell is astonishingly dangerous to miscast (24% risk of failure)!
Continue anyway?
Aiming: Stone Arrow (astonishingly dangerous; 24% risk of failure)
Press: ? - help, Shift-Dir - straight line, f/p - Sigmund
Aim: Sigmund, wielding a +2 scythe of protection and wearing a +0 robe (lightly wounded, 60% to hit)
The stone arrow hits Sigmund!
Sigmund is heavily wounded.
Sigmund hits you from afar with a +2 scythe of protection!
Ouch! That really hurt!
You die...

#§#####.###.# #.#...##
#§§§@:#...#[# #......##
#######.#...###.......####
.###..............<# .#
#..#.#..........#### .#
#..#.##......#.#.... .#
#..#.###...#....####
##.###..#.####..##.#.#
#########.......@....##.##.#.#
.......##..###..#.##.##.##.#.#
....##.##..# #.@#.##.##.##.#.#
###.##.##..###..#.##.##.##.#.###
###.##..........#.##.##.##.....#
##...####..####.#............#.#
.......##..)............######.##
##...#..........####.#### #...
##.#####.##########.# #.)#


You could see Sigmund.

Vanquished Creatures
  Natasha (twice) (D:2)
  2 adders (D:2)
  5 ball pythons
  An endoplasm (D:1)
  2 goblins
  2 hobgoblins (D:1)
  5 kobolds
  2 bats (D:1)
  6 frilled lizards (D:1)
  A rat (D:1)
28 creatures vanquished.

Notes
Turn   | Place    | Note
-------+----------+-------------------------------------------
     0 | D:1      | spardeous the Felid Earth Elementalist began the quest for
                  | the Orb.
     0 | D:1      | Reached XP level 1. HP: 7/7 MP: 4/4
   116 | D:1      | Reached skill level 3 in Dodging
   284 | D:2      | Reached XP level 2. HP: 11/11 MP: 3/6
   407 | D:2      | Noticed Natasha
   459 | D:2      | Killed Natasha
   460 | D:2      | Reached skill level 4 in Dodging
   460 | D:2      | Reached XP level 3. HP: 14/14 MP: 2/7
   514 | D:2      | Noticed Terence
   627 | D:2      | Found Witi's General Store.
   731 | D:2      | Learned a level 3 spell: Stone Arrow
   754 | D:2      | Noticed Natasha
   765 | D:2      | Killed Natasha
   766 | D:2      | Reached XP level 4. HP: 18/18 MP: 2/8
   848 | D:2      | Found Uxegier's General Store.
   860 | D:2      | Identified a scroll of acquirement
   860 | D:2      | Acquired Sif Muna's Volume of Metamorphic Attacks
   860 | D:2      | Slain by Terence
   861 | D:2      | Reached XP level 3. HP: -2/14 MP: 7/7
   873 | D:2      | Noticed Sigmund
   984 | D:2      | Found Xaxzawus's Distillery.
  1022 | D:2      | Noticed Natasha
  1693 | D:2      | Slain by Sigmund

Illustrated notes

Levels and vault maps discovered:
D:1:      psy_arrival_heroes, layout_basic
D:2:      layout_loops_ring, hellmonk_ecumenical_altar_leap_of_faith,
          serial_shops, nicolae_shop_window_shopping, nicolae_shop_trees,
          shop_fountains, uniq_natasha, uniq_sigmund, uniq_terence

Skill      XL: |  1  2 |
---------------+-------+-----
Dodging        | 3 4 |  4.8
Earth Magic    | 3 |  3.8
Stealth        | |  2.6
Spellcasting   | |  2.0
Transmutations | |  1.1

Action                     |  1- 3 |  4- 6 || total
---------------------------+-------+-------++-------
   Cast: Sandblast         |    51 |       ||    51
         Stone Arrow       |     2 |       ||     2
    Use: Scroll            |       |     4 ||     4
 Armour: Skin              |     1 |       ||     1
  Dodge: Dodged            |    12 |     1 ||    13

Table legend: (Time is in decaauts)
 A = Elapsed time spent in this place.
 B = Non-inter-level travel time spent in this place.
 C = Inter-level travel time spent in this place.
 D = Time resting spent in this place.
 E = Time spent auto-exploring this place.
 F = Levels seen in this place.
 G = Mean time per level.
                   A        B        C        D        E       F      G
               +--------+--------+--------+--------+--------+-----+--------+
         Total |   1491 |   1423 |     68 |     72 |    941 |   2 |  745.5 |
       Dungeon |   1491 |   1423 |     68 |     72 |    941 |   2 |  745.5 |
               +--------+--------+--------+--------+--------+-----+--------+

Top non-repeatable levels by time:
     D:1: 832 daAuts
     D:2: 658 daAuts
